 Dungeon Crawl Stone Soup version 0.31-a0-180-g519b7de00c (webtiles) character file.

Game seed: 466550368212416706

15915 qw the Cleaver (level 12, 0/73 HPs)
             Began as a Gargoyle Fighter on June 20, 2023.
             Was an Elder of Okawaru.
             Slain by a swamp worm (6 damage)
             ... on level 3 of the Lair of Beasts.
             The game lasted 00:06:27 (9701 turns).

qw the Cleaver (Gargoyle Fighter)                   Turns: 9701, Time: 00:06:27

Health: 0/73       AC: 39    Str: 21    XL:     12   Next: 32%
Magic:  19/19      EV: 13    Int: 11    God:    Okawaru [****..]
Gold:   303        SH: 17    Dex:  9    Spells: 11/11 levels left

rFire   . . .        r - +4 morningstar
rCold   . . .        s - +0 kite shield
rNeg    + . .        b - +0 plate armour
rPois   inf          (no helmet)
rElec   +            f - +0 cloak
rCorr   .            k - +2 pair of gloves
SInv    .            p - +2 pair of boots
Will    .....        j - amulet of reflection Stlth
                     h - +5 ring of evasion
HPRegen 0.32/turn    l - +4 ring of protection
MPRegen 0.16/turn

%: reflection
@: about to teleport, heroic
A: sickness immunity, AC +8, negative energy resistance 1, electricity
resistance, torment resistance 1, petrification resistance, iridescent scales 1,
weak 1, MP-powered wands
a: Renounce Religion, Heroism, Finesse


You were on level 3 of the Lair of Beasts.
You worshipped Okawaru.
Okawaru was greatly pleased with you.
You visited 2 branches of the dungeon, and saw 12 of its levels.

You collected 647 gold pieces.
You spent 344 gold pieces at shops.


Innate Abilities, Weirdness & Mutations

You are immune to sickness and miasma.
Your stone body is resilient. (AC +8)
You are immune to poison.
You resist negative energy. (rN+)
You are resistant to electric shocks. (rElec)
You are resistant to unholy torment.
You are immune to petrification.
You are partially covered in iridescent scales. (AC +2)
You are weak. (Str -2)
You expend magic power (3 MP) to strengthen your wands.


   Skills:
 + Level 8.0(13.0) Fighting
 - Level 11.1(16.1) Axes
 - Level 2.0(7.0) Throwing
 - Level 8.0(13.0) Armour
 - Level 1.0(6.0) Dodging
 - Level 10.1(15.1) Shields
 - Level 10.0 Invocations


You had 11 spell levels left.
You didn't know any spells.
Your spell library was empty.

Inventory:

Hand Weapons
 a - a +2 vampiric war axe
 c - a +3 war axe
 r - a +4 morningstar (weapon)
Armour
 b - a +0 plate armour (worn)
 f - a +0 cloak (worn)
 k - a +2 pair of gloves (worn)
 p - a +2 pair of boots (worn)
 s - a +0 kite shield (worn)
Jewellery
 h - a +5 ring of evasion (left hand)
 j - an amulet of reflection (around neck)
 l - a +4 ring of protection (right hand)
 m - a ring of resist corrosion
 n - a ring of ice
 Y - a ring of protection from cold
Wands
 t - a wand of digging (6)
Scrolls
 q - 5 scrolls of identify
 v - a scroll of teleportation
 y - a scroll of brand weapon
Potions
 d - a potion of might
 e - 6 potions of enlightenment
 g - 2 potions of mutation
 i - a potion of attraction
 o - 5 potions of curing
 u - a potion of cancellation
 w - 2 potions of heal wounds

Dungeon Overview and Level Annotations

Branches:
Dungeon (9/15)             Temple (0/1) D:7            Lair (3/5) D:9
  Snake (0/4) Lair:2
  Swamp: Lair:2-3    Shoals: Lair:2-3       Orc: D:9-12

Altars:
Ashenzari
Dithmenos
Elyvilon
Hepliaklqana
Kikubaaqudgha
Nemelex Xobeh
Okawaru
Qazlal
Ru
Uskayaw
Wu Jian
Yredelemnul

Shops:
D:6 (   D:8 ?   D:9 (


Message History

The harpoon shot hits you but does no damage.
Your base Shields skill increases to level 10!
You sock the eight-headed hydra!
The eight-headed hydra is moderately wounded.
The yak gores you. You block the yak's attack.
You block the eight-headed hydra's attack.
The eight-headed hydra bites you but does no damage. x2
The eight-headed hydra closely misses you.
The eight-headed hydra bites you but does no damage.
The eight-headed hydra barely misses you.
The eight-headed hydra bites you!
The eight-headed hydra bites you but does no damage.
The swamp worm barely misses you.
You impale the eight-headed hydra!!
The eight-headed hydra is severely wounded.
You block the yak's attack. The yak gores you but does no damage.
You block the yak's attack.
You block the eight-headed hydra's attack.
The eight-headed hydra completely misses you.
The eight-headed hydra misses you.
The eight-headed hydra bites you but does no damage. x2
You block the eight-headed hydra's attack.
The eight-headed hydra barely misses you.
The eight-headed hydra bites you but does no damage.
The swamp worm misses you.
You thump the eight-headed hydra!
The eight-headed hydra is severely wounded.
The swamp worm bites you. The yak gores you! The yak barely misses you.
The yak gores you but does no damage.
You block the eight-headed hydra's attack. x3
The eight-headed hydra bites you but does no damage.
The eight-headed hydra barely misses you.
The eight-headed hydra completely misses you.
You block the eight-headed hydra's attack.
The eight-headed hydra bites you but does no damage.
9701 ||| READING 2 scrolls of teleportation.
As you read the scroll of teleportation, it crumbles to dust.
You feel strangely unstable. The swamp worm bites you.
You die...

#.#...#...........P..##.....
.........................P.P.
.#...P......#......#.P.#^.P..
.........................?...
#..#.....P##P......#...##.#..
.............................
.P.#..#........lY....##P..##.
..............wYwD...........
#####P.. ....###@#...#.....#.
. .. ......YY.%.......... ..
......w#%###...P.#P. ...
........... .......P ....
.P..........#.P#.P.#
.................P..
..#.#...##.##..#.### ..#...#.
#. ...#. ...... ..


You could see an eight-headed hydra, a tyrant leech, 4 yaks, 2 swamp worms and
an iguana.

Vanquished Creatures
  3 hydras
  Pikel (D:4)
  6 cane toads
  3 kobold demonologists (D:9)
  A komodo dragon (Lair:2)
  2 rime drakes
  4 polar bears
  5 blink frogs (Lair:2)
  9 yaks
  Eustachio (D:5)
  A wyvern (D:8)
  3 hogs (D:8)
  A human (D:8)
  A basilisk (Lair:1)
  3 steam dragons
  A swamp worm (Lair:3)
  2 nagas (Lair:2)
  4 water moccasins
  3 black bears
  A sky beast (D:8)
  An orc warrior (D:9)
  8 ice beasts
  8 wolves
  An ogre (D:4)
  3 centaurs
  3 lemures (D:4)
  3 kobold brigands
  A gnoll sergeant (D:5)
  8 bullfrogs
  4 scorpions
  8 wights
  An electric eel (Lair:2)
  8 howler monkeys
  2 quasits (D:7)
  4 orc priests
  2 hounds
  3 jellies
  6 iguanas
  Natasha (thrice) (D:3)
  Terence (D:2)
  4 sleepcaps
  10 orc wizards
  9 gnolls
  3 adders
  A shadow imp (D:7)
  4 white imps
  6 ufetubi
  2 worms
  2 dart slugs (D:1)
  34 orcs
  6 ball pythons
  4 bats
  4 endoplasms
  8 giant cockroaches
  4 goblins
  5 hobgoblins
  8 jackals
  9 quokkas
  2 frilled lizards (D:1)
  18 kobolds
  11 rats
  A spectral orc (D:9)
288 creatures vanquished.

Vanquished Creatures (others)
  An orc wizard (D:9)
  A butterfly (D:4)
2 creatures vanquished.

Grand Total: 290 creatures vanquished

Notes
Turn   | Place    | Note
-------+----------+-------------------------------------------
     0 | D:1      | qw the Gargoyle Fighter began the quest for the Orb.
     0 | D:1      | Reached XP level 1. HP: 14/14 MP: 1/1
     0 | D:1      | 0 ||| qw: Version: 0.3-a-9-g12657ce
     0 | D:1      | 0 ||| qw: Game counter: 1137
     0 | D:1      | 0 ||| qw: Always use a shield: true
     0 | D:1      | 0 ||| qw: God list: Okawaru
     0 | D:1      | 0 ||| qw: Allow faded altars: false
     0 | D:1      | 0 ||| qw: Do Orc after D:15 true
     0 | D:1      | 0 ||| qw: Do second Lair branch before Depths: true
     0 | D:1      | 0 ||| qw: Lair rune preference: random
     0 | D:1      | 0 ||| qw: Plans: Normal, Zot:1-4, Slime:5, God:TSO, Crypt,
                  | Tomb, Abyss, Pan, Hells, Win
     0 | D:1      | 0 ||| PLANNING D:1-11
    36 | D:1      | 36 ||| Stepping ~*~*~tactically~*~*~ (hiding).
    45 | D:1      | Reached skill level 2 in Axes
    55 | D:1      | Reached XP level 2. HP: 19/19 MP: 2/2
   271 | D:1      | 271 ||| Stepping ~*~*~tactically~*~*~ (stealth).
   489 | D:1      | Reached skill level 3 in Axes
   540 | D:1      | Reached XP level 3. HP: 23/23 MP: 3/3
   545 | D:1      | 545 ||| Stepping ~*~*~tactically~*~*~ (stealth).
   571 | D:1      | You fall into a shaft and drop 1 floor!
   572 | D:2      | 572 ||| UPGRADING to amulet of reflection.
   577 | D:2      | 577 ||| READING scroll labelled LEFAFF ORABOSMEITH.
   578 | D:2      | 578 ||| READING scroll labelled MOAGGU MYKUFAE.
   579 | D:2      | 579 ||| READING scroll labelled ZIXZOP HAI.
   580 | D:2      | 580 ||| READING scroll labelled COABEPP GUEPTY.
   691 | D:1      | Found a faded altar of an unknown god.
   879 | D:1      | 879 ||| UPGRADING to +0 cloak.
   884 | D:1      | 884 ||| UPGRADING to ring of resist corrosion.
   921 | D:2      | Found an ornate altar of the Wu Jian Council.
   963 | D:2      | 963 ||| Stepping ~*~*~tactically~*~*~ (hiding).
   977 | D:2      | HP: 4/23 [gnoll/+0 spear (3)]
   982 | D:2      | Reached XP level 4. HP: 4/28 MP: 4/4
   982 | D:2      | HP: 1/28 [gnoll/+0 club (4)]
   984 | D:2      | Reached skill level 4 in Axes
  1132 | D:2      | 1132 ||| DROPPING +0 club.
  1379 | D:2      | 1379 ||| Stepping ~*~*~tactically~*~*~ (stealth).
  1385 | D:2      | Noticed Terence
  1401 | D:2      | Killed Terence
  1402 | D:2      | Reached XP level 5. HP: 20/32 MP: 5/5
  1417 | D:2      | 1417 ||| FLEEEEING.
  1547 | D:2      | 1547 ||| Stepping ~*~*~tactically~*~*~ (hiding).
  1729 | D:2      | 1729 ||| UPGRADING to +0 pair of gloves.
  1734 | D:2      | 1734 ||| UPGRADING to +4 ring of protection.
  1735 | D:2      | 1735 ||| READING scroll labelled OCUKKI LEBOR.
  1736 | D:2      | 1736 ||| READING scroll labelled CAMMUG QANEICW.
  1776 | D:3      | Noticed Natasha
  1780 | D:3      | 1780 ||| Stepping ~*~*~tactically~*~*~ (hiding).
  1788 | D:3      | Killed Natasha
  1836 | D:3      | Reached skill level 5 in Axes
  1920 | D:3      | 1920 ||| Stepping ~*~*~tactically~*~*~ (stealth).
  1921 | D:3      | 1921 ||| Stepping ~*~*~tactically~*~*~ (stealth).
  2124 | D:3      | 2124 ||| Stepping ~*~*~tactically~*~*~ (hiding).
  2130 | D:3      | Noticed Natasha
  2146 | D:3      | Killed Natasha
  2147 | D:3      | Reached skill level 1 in Throwing
  2147 | D:3      | Reached XP level 6. HP: 32/38 MP: 6/6
  2211 | D:3      | Noticed Natasha
  2216 | D:3      | Killed Natasha
  2315 | D:3      | 2315 ||| Stepping ~*~*~tactically~*~*~ (hiding).
  2325 | D:3      | Reached skill level 1 in Dodging
  2418 | D:3      | 2418 ||| READING scroll labelled MIGOSE RYDD.
  2419 | D:3      | 2419 ||| DRINKING 2 puce potions.
  2448 | D:4      | 2448 ||| PLANNING SEWER
  2556 | D:4      | 2556 ||| FLEEEEING.
  2557 | D:4      | 2557 ||| FLEEEEING.
  2581 | D:4      | Found an iron altar of Okawaru.
  2691 | D:4      | Found an ancient bone altar of Kikubaaqudgha.
  2901 | D:4      | Found a glowing drain.
  2915 | D:4      | 2915 ||| READING scroll labelled WUMELO GAEHO.
  2924 | D:4      | 2924 ||| READING scroll labelled XIT XOROEQU.
  2928 | D:4      | 2928 ||| DRINKING 3 clear potions.
  2929 | D:4      | 2929 ||| Stepping randomly (stuck).
  2930 | D:4      | 2930 ||| Stepping randomly (stuck).
  2931 | D:4      | 2931 ||| Stepping randomly (stuck).
  2932 | D:4      | 2932 ||| Stepping randomly (stuck).
  2933 | D:4      | 2933 ||| Stepping randomly (stuck).
  2934 | D:4      | 2934 ||| Stepping randomly (stuck).
  2935 | D:4      | 2935 ||| Stepping randomly (stuck).
  2936 | D:4      | 2936 ||| Stepping randomly (stuck).
  2937 | D:4      | 2937 ||| Stepping randomly (stuck).
  2938 | D:4      | 2938 ||| Stepping randomly (stuck).
  2939 | D:4      | 2939 ||| Stepping randomly (stuck).
  2940 | D:4      | 2940 ||| Stepping randomly (stuck).
  2941 | D:4      | 2941 ||| Stepping randomly (stuck).
  2942 | D:4      | 2942 ||| Stepping randomly (stuck).
  2943 | D:4      | 2943 ||| Stepping randomly (stuck).
  2944 | D:4      | 2944 ||| Stepping randomly (stuck).
  2945 | D:4      | 2945 ||| Stepping randomly (stuck).
  2946 | D:4      | 2946 ||| Stepping randomly (stuck).
  2951 | D:4      | 2951 ||| Stepping randomly (stuck).
  2952 | D:4      | 2952 ||| Stepping randomly (stuck).
  2953 | D:4      | 2953 ||| Stepping randomly (stuck).
  2954 | D:4      | 2954 ||| Stepping randomly (stuck).
  2955 | D:4      | 2955 ||| Stepping randomly (stuck).
  2956 | D:4      | 2956 ||| Stepping randomly (stuck).
  2957 | D:4      | 2957 ||| Stepping randomly (stuck).
  2958 | D:4      | 2958 ||| Stepping randomly (stuck).
  2959 | D:4      | 2959 ||| Stepping randomly (stuck).
  2960 | D:4      | 2960 ||| Stepping randomly (stuck).
  2961 | D:4      | 2961 ||| Stepping randomly (stuck).
  2962 | D:4      | 2962 ||| Stepping randomly (stuck).
  2963 | D:4      | 2963 ||| Stepping randomly (stuck).
  2964 | D:4      | 2964 ||| Stepping randomly (stuck).
  2965 | D:4      | 2965 ||| Stepping randomly (stuck).
  2966 | D:4      | 2966 ||| Stepping randomly (stuck).
  2967 | D:4      | 2967 ||| Stepping randomly (stuck).
  2968 | D:4      | 2968 ||| Stepping randomly (stuck).
  2969 | D:4      | 2969 ||| Stepping randomly (stuck).
  2970 | D:4      | 2970 ||| Stepping randomly (stuck).
  2971 | D:4      | 2971 ||| Stepping randomly (stuck).
  2972 | D:4      | 2972 ||| Stepping randomly (stuck).
  2973 | D:4      | 2973 ||| Stepping randomly (stuck).
  2974 | D:4      | 2974 ||| Stepping randomly (stuck).
  2975 | D:4      | 2975 ||| Stepping randomly (stuck).
  2976 | D:4      | 2976 ||| Stepping randomly (stuck).
  2977 | D:4      | 2977 ||| Stepping randomly (stuck).
  2978 | D:4      | 2978 ||| Stepping randomly (stuck).
  2979 | D:4      | 2979 ||| Stepping randomly (stuck).
  2980 | D:4      | 2980 ||| Stepping randomly (stuck).
  2981 | D:4      | 2981 ||| Stepping randomly (stuck).
  2982 | D:4      | 2982 ||| Stepping randomly (stuck).
  2983 | D:4      | 2983 ||| Stepping randomly (stuck).
  2984 | D:4      | 2984 ||| Stepping randomly (stuck).
  2985 | D:4      | 2985 ||| Stepping randomly (stuck).
  2986 | D:4      | 2986 ||| Stepping randomly (stuck).
  2987 | D:4      | 2987 ||| Stepping randomly (stuck).
  2988 | D:4      | 2988 ||| Stepping randomly (stuck).
  2989 | D:4      | 2989 ||| Stepping randomly (stuck).
  2990 | D:4      | 2990 ||| Stepping randomly (stuck).
  2991 | D:4      | 2991 ||| Stepping randomly (stuck).
  2992 | D:4      | 2992 ||| Stepping randomly (stuck).
  2993 | D:4      | 2993 ||| Stepping randomly (stuck).
  2994 | D:4      | 2994 ||| Stepping randomly (stuck).
  2995 | D:4      | 2995 ||| Stepping randomly (stuck).
  2996 | D:4      | 2996 ||| Stepping randomly (stuck).
  2997 | D:4      | 2997 ||| Stepping randomly (stuck).
  2998 | D:4      | 2998 ||| Stepping randomly (stuck).
  2999 | D:4      | 2999 ||| Stepping randomly (stuck).
  3000 | D:4      | 3000 ||| Stepping randomly (stuck).
  3001 | D:4      | 3001 ||| Stepping randomly (stuck).
  3002 | D:4      | 3002 ||| Stepping randomly (stuck).
  3003 | D:4      | 3003 ||| Stepping randomly (stuck).
  3004 | D:4      | 3004 ||| Stepping randomly (stuck).
  3005 | D:4      | 3005 ||| Stepping randomly (stuck).
  3006 | D:4      | 3006 ||| Stepping randomly (stuck).
  3007 | D:4      | 3007 ||| Stepping randomly (stuck).
  3008 | D:4      | 3008 ||| Stepping randomly (stuck).
  3009 | D:4      | 3009 ||| Stepping randomly (stuck).
  3010 | D:4      | 3010 ||| Stepping randomly (stuck).
  3011 | D:4      | 3011 ||| Stepping randomly (stuck).
  3012 | D:4      | 3012 ||| Stepping randomly (stuck).
  3013 | D:4      | 3013 ||| Stepping randomly (stuck).
  3014 | D:4      | 3014 ||| Stepping randomly (stuck).
  3015 | D:4      | 3015 ||| Stepping randomly (stuck).
  3016 | D:4      | 3016 ||| Stepping randomly (stuck).
  3017 | D:4      | 3017 ||| Stepping randomly (stuck).
  3018 | D:4      | 3018 ||| Stepping randomly (stuck).
  3019 | D:4      | 3019 ||| Stepping randomly (stuck).
  3020 | D:4      | 3020 ||| Stepping randomly (stuck).
  3021 | D:4      | 3021 ||| Stepping randomly (stuck).
  3022 | D:4      | 3022 ||| Stepping randomly (stuck).
  3023 | D:4      | 3023 ||| Stepping randomly (stuck).
  3025 | D:4      | 3025 ||| Stepping randomly (stuck).
  3026 | D:4      | 3026 ||| Stepping randomly (stuck).
  3027 | D:4      | 3027 ||| Stepping randomly (stuck).
  3028 | D:4      | 3028 ||| Stepping randomly (stuck).
  3029 | D:4      | 3029 ||| Stepping randomly (stuck).
  3030 | D:4      | 3030 ||| Stepping randomly (stuck).
  3031 | D:4      | 3031 ||| Stepping randomly (stuck).
  3032 | D:4      | 3032 ||| Stepping randomly (stuck).
  3033 | D:4      | 3033 ||| Stepping randomly (stuck).
  3034 | D:4      | 3034 ||| Stepping randomly (stuck).
  3035 | D:4      | 3035 ||| Stepping randomly (stuck).
  3036 | D:4      | 3036 ||| Stepping randomly (stuck).
  3037 | D:4      | 3037 ||| Stepping randomly (stuck).
  3038 | D:4      | 3038 ||| Stepping randomly (stuck).
  3039 | D:4      | 3039 ||| Stepping randomly (stuck).
  3040 | D:4      | 3040 ||| Stepping randomly (stuck).
  3041 | D:4      | 3041 ||| Stepping randomly (stuck).
  3042 | D:4      | 3042 ||| Stepping randomly (stuck).
  3043 | D:4      | 3043 ||| Stepping randomly (stuck).
  3044 | D:4      | 3044 ||| Stepping randomly (stuck).
  3045 | D:4      | 3045 ||| Stepping randomly (stuck).
  3046 | D:4      | 3046 ||| Stepping randomly (stuck).
  3047 | D:4      | 3047 ||| Stepping randomly (stuck).
  3062 | D:4      | 3062 ||| Stepping randomly (stuck).
  3063 | D:4      | 3063 ||| Stepping randomly (stuck).
  3064 | D:4      | 3064 ||| Stepping randomly (stuck).
  3065 | D:4      | 3065 ||| Stepping randomly (stuck).
  3066 | D:4      | 3066 ||| Stepping randomly (stuck).
  3068 | D:4      | 3068 ||| READING scroll of teleportation.
  3073 | D:4      | 3073 ||| Stepping randomly (stuck).
  3074 | D:4      | 3074 ||| Stepping randomly (stuck).
  3112 | D:4      | Reached XP level 7. HP: 43/43 MP: 7/7
  3117 | D:4      | 3117 ||| RIP SEWER
  3143 | D:4      | 3143 ||| PLANNING OKAWARU WORSHIP
  3152 | D:4      | Became a worshipper of Warmaster Okawaru
  3153 | D:4      | 3153 ||| PLANNING D:1-11
  3256 | D:4      | Reached skill level 6 in Axes
  3281 | D:4      | Found a white marble altar of Elyvilon.
  3390 | D:4      | 3390 ||| Stepping ~*~*~tactically~*~*~ (stealth).
  3406 | D:4      | 3406 ||| Stepping ~*~*~tactically~*~*~ (stealth).
  3522 | D:4      | Noticed Pikel
  3550 | D:4      | Killed Pikel
  3550 | D:4      | Reached * piety under Okawaru
  3551 | D:4      | Reached skill level 8 in Axes
  3551 | D:4      | Reached XP level 8. HP: 48/48 MP: 8/8
  3609 | D:4      | 3609 ||| Stepping ~*~*~tactically~*~*~ (hiding).
  3616 | D:4      | 3616 ||| INVOKING Heroism.
  3619 | D:4      | 3619 ||| Stepping ~*~*~tactically~*~*~ (stealth).
  3743 | D:4      | 3743 ||| Stepping ~*~*~tactically~*~*~ (stealth).
  3851 | D:4      | 3851 ||| INVOKING Heroism.
  3854 | D:4      | Reached skill level 1 in Invocations
  4038 | D:5      | Entered Level 5 of the Dungeon
  4110 | D:5      | 4110 ||| Stepping ~*~*~tactically~*~*~ (stealth).
  4111 | D:5      | 4111 ||| Stepping ~*~*~tactically~*~*~ (stealth).
  4136 | D:5      | 4136 ||| INVOKING Heroism.
  4147 | D:5      | Reached skill level 3 in Invocations
  4165 | D:5      | Reached ** piety under Okawaru
  4204 | D:5      | 4204 ||| DROPPING +0 hand axe.
  4266 | D:5      | Noticed Eustachio
  4268 | D:5      | 4268 ||| INVOKING Heroism.
  4274 | D:5      | Killed Eustachio
  4275 | D:5      | Reached skill level 6 in Fighting
  4275 | D:5      | Reached XP level 9. HP: 56/56 MP: 9/12
  4300 | D:5      | Found a shadowy altar of Dithmenos.
  4304 | D:5      | Found a hide-covered altar of Uskayaw.
  4304 | D:5      | Found an ornate altar of the Wu Jian Council.
  4317 | D:5      | Found a sacrificial altar of Ru.
  4320 | D:5      | Found a sparkling altar of Nemelex Xobeh.
  4647 | D:5      | 4647 ||| UPGRADING to +0 kite shield.
  4657 | D:5      | 4657 ||| DROPPING +0 buckler.
  4658 | D:5      | 4658 ||| UPGRADING to ring of protection from cold.
  4660 | D:5      | 4660 ||| READING scroll labelled BIZOIG ARIY.
  4661 | D:5      | 4661 ||| READING scroll labelled ORAL ZOQUEMIOF.
  4662 | D:5      | 4662 ||| READING scroll labelled VIPSAL IMAEHI.
  4663 | D:5      | 4663 ||| DRINKING 2 coppery potions.
  4768 | D:5      | 4768 ||| DROPPING potion of berserk rage.
  4906 | D:6      | 4906 ||| INVOKING Heroism.
  5028 | D:6      | Found Lyevec's Weapon Boutique.
  5067 | D:6      | 5067 ||| Stepping ~*~*~tactically~*~*~ (stealth).
  5115 | D:6      | 5115 ||| Stepping ~*~*~tactically~*~*~ (stealth).
  5121 | D:6      | 5121 ||| Stepping ~*~*~tactically~*~*~ (stealth).
  5237 | D:6      | Reached skill level 6 in Shields
  5366 | D:6      | 5366 ||| READING scroll labelled GUAVAE JURA.
  5367 | D:6      | 5367 ||| DRINKING 2 emerald potions.
  5367 | D:6      | Gained mutation: You are partially covered in iridescent
                  | scales. (AC +2) [potion of mutation]
  5367 | D:6      | Gained mutation: You are weak. (Str -2) [potion of
                  | mutation]
  5367 | D:6      | Gained mutation: You expend magic power (3 MP) to
                  | strengthen your wands. [potion of mutation]
  5368 | D:6      | 5368 ||| DRINKING 2 yellow potions.
  5468 | D:7      | 5468 ||| INVOKING Heroism.
  5499 | D:7      | Found a staircase to the Ecumenical Temple.
  5536 | D:7      | Identified the +1 leather armour "Iwnadih" {Str+7}
  5580 | D:7      | 5580 ||| INVOKING Heroism.
  5582 | D:7      | 5582 ||| Stepping ~*~*~tactically~*~*~ (stealth).
  5590 | D:7      | 5590 ||| Stepping ~*~*~tactically~*~*~ (stealth).
  5650 | D:7      | Found a hazy altar of Hepliaklqana.
  5664 | D:7      | Found a stormy altar of Qazlal.
  5730 | D:7      | 5730 ||| Stepping ~*~*~tactically~*~*~ (hiding).
  5888 | D:7      | 5888 ||| Stepping ~*~*~tactically~*~*~ (stealth).
  5910 | D:7      | Found a broken altar of Ashenzari.
  5985 | D:7      | 5985 ||| DROPPING +1 leather armour "Iwnadih" {Str+7}.
  5986 | D:7      | 5986 ||| DRINKING 2 brown potions.
  6004 | D:8      | 6004 ||| STAIRDANCE
  6016 | D:7      | 6016 ||| DROPPING +0 war axe.
  6023 | D:8      | Found Wegag's Magic Scroll Emporium.
  6034 | D:8      | 6034 ||| INVOKING Heroism.
  6037 | D:8      | 6037 ||| Stepping ~*~*~tactically~*~*~ (hiding).
  6052 | D:8      | Reached skill level 9 in Axes
  6064 | D:8      | 6064 ||| Stepping ~*~*~tactically~*~*~ (stealth).
  6076 | D:8      | Reached XP level 10. HP: 55/61 MP: 13/13
  6101 | D:8      | 6101 ||| BUYING scroll of enchant armour (112 gold).
  6101 | D:8      | Bought a scroll of enchant armour for 112 gold pieces
  6101 | D:8      | 6101 ||| BUYING scroll of enchant armour (112 gold).
  6101 | D:8      | Bought a scroll of enchant armour for 112 gold pieces
  6101 | D:8      | 6101 ||| BUYING scroll of identify (30 gold).
  6101 | D:8      | Bought a scroll of identify for 30 gold pieces
  6101 | D:8      | 6101 ||| BUYING scroll of identify (30 gold).
  6101 | D:8      | Bought a scroll of identify for 30 gold pieces
  6101 | D:8      | 6101 ||| BUYING scroll of identify (30 gold).
  6101 | D:8      | Bought a scroll of identify for 30 gold pieces
  6101 | D:8      | 6101 ||| BUYING scroll of identify (30 gold).
  6101 | D:8      | Bought a scroll of identify for 30 gold pieces
  6101 | D:8      | 6101 ||| SHOPLISTING scroll of teleportation (45 gold, have
                  | 35).
  6101 | D:8      | 6101 ||| READING 2 scrolls of enchant armour.
  6101 | D:8      | 6101 ||| ENCHANTING +0 pair of gloves.
  6102 | D:8      | 6102 ||| READING scroll of enchant armour.
  6102 | D:8      | 6102 ||| ENCHANTING +1 pair of gloves.
  6106 | D:8      | 6106 ||| Stepping ~*~*~tactically~*~*~ (stealth).
  6108 | D:8      | 6108 ||| Stepping ~*~*~tactically~*~*~ (hiding).
  6167 | D:8      | 6167 ||| Stepping ~*~*~tactically~*~*~ (stealth).
  6169 | D:8      | 6169 ||| DRINKING 6 potions of curing.
  6169 | D:8      | 6169 ||| (to cure confusion)
  6184 | D:8      | 6184 ||| DROPPING +3 flail.
  6541 | D:8      | Reached skill level 9 in Shields
  6574 | D:8      | Reached *** piety under Okawaru
  6734 | D:8      | 6734 ||| UPGRADING to +0 chain mail.
  6744 | D:8      | 6744 ||| DROPPING +0 scale mail.
  6745 | D:8      | 6745 ||| READING scroll labelled BOTISCH JAZIS.
  6746 | D:8      | 6746 ||| READING 6 scrolls of identify.
  6746 | D:8      | 6746 ||| IDENTIFYING bubbling white potion
  6747 | D:8      | 6747 ||| READING 5 scrolls of identify.
  6747 | D:8      | 6747 ||| IDENTIFYING silvery potion
  6748 | D:8      | 6748 ||| DROPPING potion of degeneration.
  6783 | D:9      | 6783 ||| DRINKING 5 potions of curing.
  6783 | D:9      | 6783 ||| (to cure confusion)
  6812 | D:9      | Found a basalt altar of Yredelemnul.
  6828 | D:9      | 6828 ||| Stepping ~*~*~tactically~*~*~ (stealth).
  6830 | D:9      | 6830 ||| Stepping ~*~*~tactically~*~*~ (hiding).
  6832 | D:9      | 6832 ||| Stepping ~*~*~tactically~*~*~ (hiding).
  6867 | D:9      | 6867 ||| Stepping ~*~*~tactically~*~*~ (stealth).
  6869 | D:9      | 6869 ||| Stepping ~*~*~tactically~*~*~ (hiding).
  6924 | D:9      | 6924 ||| Stepping ~*~*~tactically~*~*~ (hiding).
  6928 | D:9      | 6928 ||| INVOKING Heroism.
  6953 | D:9      | 6953 ||| Stepping ~*~*~tactically~*~*~ (stealth).
  6954 | D:9      | 6954 ||| Stepping ~*~*~tactically~*~*~ (stealth).
  6963 | D:9      | Reached skill level 10 in Axes
  6969 | D:9      | Reached **** piety under Okawaru
  7046 | D:9      | 7046 ||| INVOKING Heroism.
  7047 | D:9      | Found a staircase to the Lair.
  7063 | D:9      | Reached XP level 11. HP: 68/68 MP: 12/14
  7316 | D:9      | Noticed a soul eater
  7320 | D:9      | 7320 ||| INVOKING Heroism.
  7326 | D:9      | Reached skill level 6 in Armour
  7331 | D:9      | Noticed a sixfirhy
  7336 | D:9      | Reached skill level 6 in Invocations
  7467 | D:9      | Found Esewujoluu's Antique Weapon Emporium.
  7498 | D:9      | 7498 ||| Stepping ~*~*~tactically~*~*~ (stealth).
  7500 | D:9      | 7500 ||| Stepping ~*~*~tactically~*~*~ (stealth).
  7579 | D:9      | 7579 ||| PLANNING LAIR
  7579 | D:9      | 7579 ||| UPGRADING to +0 plate armour.
  7589 | D:9      | 7589 ||| DROPPING +0 chain mail.
  7590 | D:9      | 7590 ||| READING scroll labelled ZEUXEPPULA.
  7632 | Lair:1   | Entered Level 1 of the Lair of Beasts
  7645 | Lair:1   | 7645 ||| INVOKING Heroism.
  7725 | Lair:1   | 7725 ||| Stepping ~*~*~tactically~*~*~ (stealth).
  7824 | Lair:1   | 7824 ||| Stepping ~*~*~tactically~*~*~ (stealth).
  7880 | Lair:1   | Reached ***** piety under Okawaru
  8173 | Lair:1   | 8173 ||| Stepping ~*~*~tactically~*~*~ (stealth).
  8174 | Lair:1   | 8174 ||| Stepping ~*~*~tactically~*~*~ (stealth).
  8176 | Lair:1   | 8176 ||| INVOKING Heroism.
  8452 | Lair:1   | 8452 ||| UPGRADING to +2 pair of boots.
  8457 | Lair:1   | 8457 ||| READING scroll labelled LUUS WEYGILYUG.
  8502 | Lair:1   | 8502 ||| READING scroll labelled DAUQEUZ TIYMN.
  8603 | Lair:1   | 8603 ||| READING 4 scrolls of identify.
  8603 | Lair:1   | 8603 ||| IDENTIFYING fizzy green potion
  8604 | Lair:1   | 8604 ||| READING 3 scrolls of identify.
  8604 | Lair:1   | 8604 ||| IDENTIFYING glowing purple potion
  8605 | Lair:1   | 8605 ||| DROPPING potion of brilliance.
  8606 | Lair:1   | 8606 ||| DROPPING potion of ambrosia.
  8653 | Lair:2   | 8653 ||| INVOKING Heroism.
  8729 | Lair:2   | 8729 ||| INVOKING Heroism.
  8766 | Lair:2   | Found a staircase to the Snake Pit.
  8774 | Lair:2   | 8774 ||| INVOKING Heroism.
  8877 | Lair:2   | 8877 ||| READING scroll of enchant weapon.
  8877 | Lair:2   | 8877 ||| ENCHANTING +1 vampiric war axe.
  8885 | Lair:2   | Noticed an eight-headed hydra
  8886 | Lair:2   | 8886 ||| INVOKING Heroism.
  8887 | Lair:2   | 8887 ||| INVOKING Finesse.
  8890 | Lair:2   | 8890 ||| SWAPPING to +4 morningstar.
  8898 | Lair:2   | Killed an eight-headed hydra
  8899 | Lair:2   | Reached skill level 9 in Invocations
  8899 | Lair:2   | 8899 ||| SWAPPING to +2 vampiric war axe.
  8957 | Lair:2   | 8957 ||| Stepping ~*~*~tactically~*~*~ (stealth).
  8958 | Lair:2   | 8958 ||| Stepping ~*~*~tactically~*~*~ (stealth).
  8959 | Lair:2   | 8959 ||| Stepping ~*~*~tactically~*~*~ (stealth).
  8962 | Lair:2   | 8962 ||| INVOKING Heroism.
  9012 | Lair:2   | Identified the +8 quick blade "Ogrebane" {heavy, rPois
                  | Str+5} (Okawaru gifted it to you on level 2 of the Lair of
                  | Beasts)
  9012 | Lair:2   | Received a gift from Okawaru
  9392 | Lair:2   | 9392 ||| UPGRADING to +5 ring of evasion.
  9455 | Lair:3   | Reached XP level 12. HP: 73/73 MP: 18/18
  9458 | Lair:3   | 9458 ||| Stepping ~*~*~tactically~*~*~ (hiding).
  9461 | Lair:3   | 9461 ||| INVOKING Heroism.
  9501 | Lair:3   | 9501 ||| INVOKING Heroism.
  9540 | Lair:3   | Noticed a five-headed hydra
  9541 | Lair:3   | 9541 ||| Stepping ~*~*~tactically~*~*~ (stealth).
  9542 | Lair:3   | 9542 ||| Stepping ~*~*~tactically~*~*~ (stealth).
  9544 | Lair:3   | 9544 ||| INVOKING Finesse.
  9548 | Lair:3   | 9548 ||| INVOKING Heroism.
  9549 | Lair:3   | 9549 ||| SWAPPING to +4 morningstar.
  9558 | Lair:3   | Killed a five-headed hydra
  9559 | Lair:3   | Reached skill level 11 in Axes
  9559 | Lair:3   | 9559 ||| SWAPPING to +2 vampiric war axe.
  9608 | Lair:3   | 9608 ||| Stepping ~*~*~tactically~*~*~ (hiding).
  9666 | Lair:3   | 9666 ||| INVOKING Heroism.
  9684 | Lair:3   | Noticed a seven-headed hydra
  9686 | Lair:3   | 9686 ||| Stepping ~*~*~tactically~*~*~ (hiding).
  9689 | Lair:3   | Noticed an eight-headed hydra
  9690 | Lair:3   | 9690 ||| SWAPPING to +4 morningstar.
  9697 | Lair:3   | Killed a seven-headed hydra
  9700 | Lair:3   | HP: 16/73 [swamp worm (4)]
  9700 | Lair:3   | HP: 5/73 [yak (11)]
  9701 | Lair:3   | 9701 ||| READING 2 scrolls of teleportation.
  9701 | Lair:3   | Slain by a swamp worm

Levels and vault maps discovered:
D:1:      tarquinn_simple_flora_water_d, layout_basic,
          ebering_ecumenical_altar_ruins
D:2:      layout_loops_cross, basic_altar, uniq_terence
D:3:      layout_basic, kennysheep_generic_room_13, uniq_natasha
D:4:      layout_basic, mainiacjoe_overflow_small_starburst,
          nicolae_elyvilon_peaceful_grove, lemuel_crystal_altar,
          portal_sewer_entry_f, uniq_pikel
D:5:      layout_rooms, minmay_overflow_temple_star_hex, serial_park_tiny_1,
          serial_bayou_crossing, uniq_eustachio
D:6:      layout_basic, serial_shops, nicolae_shop_bloodbath_and_beyond
D:7:      layout_loops_ring, mainiacjoe_overflow_alcove_1,
          amcnicky_altar_gilded, cheibrodos_ashenzari_chains,
          minmay_temple_entry_glass, serial_demonic, serial_demonic_f,
          serial_demonic_e, serial_demonic_d, serial_demonic_d
D:8:      layout_cave_pools, serial_shops, shop, serial_rivers,
          chequers_serial_rivers_micro_b, chequers_serial_rivers_micro_c,
          chequers_serial_rivers_room_a, chequers_serial_rivers_room_b,
          chequers_serial_rivers_small_b, chequers_serial_rivers_room_a,
          grunt_livestock
D:9:      layout_roguey, yredelemnul_forgotten_temple_becter,
          hellmonk_lair_entry_icy, serial_shops, nicolae_shop_back_alley_shop,
          minmay_misc_feat_doors
Lair:1:   layout_regular_city, bh_autumn_forest_stairs, lemuel_fruit_fields,
          grunt_megastairs_2
Lair:2:   layout_misc_corridors, guppyfry_snake_entry_garden,
          serial_bayou_lagoon_b
Lair:3:   minmay_lair_oklob_chamber, layout_long_grid, palyth_hydra_swamp_entry,
          beast_lair_carwin_7

Skill      XL: |  1  2  3  4  5  6  7  8  9 10 11 12 |
---------------+-------------------------------------+-----
Axes           | 2 3 4 5 8 9 10 11 | 11.1
Fighting       | 4 6 8 |  8.0
Throwing       | 1 2 |  2.0
Dodging        | 1 |  1.0
Invocations    | 4 5 9 10 | 10.0
Shields        | 8 9 10 | 10.1
Armour         | 5 8 |  8.0

Action                     |  1- 3 |  4- 6 |  7- 9 | 10-12 || total
---------------------------+-------+-------+-------+-------++-------
  Melee: War axe           |    97 |   195 |   300 |   463 ||  1055
         Morningstar       |       |       |       |    26 ||    26
  Throw: Javelin           |       |    11 |    32 |       ||    43
         Boomerang         |       |     1 |       |    23 ||    24
 Invoke: Heroism           |       |       |     8 |    14 ||    22
         Finesse           |       |       |       |     2 ||     2
    Use: Scroll            |     4 |     6 |     4 |    12 ||    26
         Potion            |       |     2 |     4 |     2 ||     8
 Armour: Scale mail        |    43 |    97 |   157 |    30 ||   327
         Chain mail        |       |       |       |    93 ||    93
         Plate armour      |       |       |       |   151 ||   151
  Dodge: Dodged            |    40 |    49 |   123 |   154 ||   366
  Block: Buckler           |    30 |    83 |    83 |       ||   196
         Reflection        |     1 |       |     3 |    17 ||    21
         Kite shield       |       |       |   133 |   439 ||   572

Table legend:
 A = Non-vault XP
 B = Vault XP
 C = Vault XP percentage of total XP
 D = Non-vault monster count
 E = Vault monster count
 F = Vault count percentage of total count
                 A         B        C        D         E       F
            +---------+---------+-------+---------+---------+-------
      Total |   17693 |    5044 |  22.2 |     250 |      36 |  12.6
            +---------+---------+-------+---------+---------+-------
        D:1 |      48 |       0 |   0.0 |      29 |       0 |   0.0
        D:2 |      97 |      36 |  27.1 |      17 |       1 |   5.6
        D:3 |     177 |      37 |  17.3 |      22 |       1 |   4.3
        D:4 |     532 |     685 |  56.3 |      29 |       7 |  19.4
        D:5 |     698 |     202 |  22.4 |      21 |       1 |   4.5
        D:6 |     772 |       0 |   0.0 |      18 |       0 |   0.0
        D:7 |     534 |     121 |  18.5 |      12 |       5 |  29.4
        D:8 |    1244 |     992 |  44.4 |      22 |       5 |  18.5
        D:9 |    3910 |    1259 |  24.4 |      44 |       9 |  17.0
     Lair:1 |    1695 |     241 |  12.4 |       9 |       2 |  18.2
     Lair:2 |    4708 |     319 |   6.3 |      18 |       2 |  10.0
     Lair:3 |    3278 |    1152 |  26.0 |       9 |       3 |  25.0
            +---------+---------+-------+---------+---------+-------
